 Dungeon Crawl Stone Soup version 0.24.1-14-gf8d2b509d9 (webtiles) character file.

Game seed: 17066420222247074676, levelgen mode: deterministic

1675 Gildeon the Spear-Bearer (level 9, -1/68 HPs)
             Began as a Formicid Fighter on June 12, 2020.
             Slain by Pikel
             ... wielding a +1 whip of electrocution
              (14 damage)
             ... on level 6 of the Dungeon on Oct 3, 2020.
             The game lasted 00:18:31 (6128 turns).

Gildeon the Spear-Bearer (Formicid Fighter)         Turns: 6128, Time: 00:18:31

Health: -1/68      AC: 10    Str: 24    XL:     9   Next: 21%
Magic:  0/9        EV:  8    Int:  8    God:
Gold:   362        SH: 10    Dex: 10    Spells: 8/8 levels left

rFire    . . .     SeeInvis +   p - +0 scythe
rCold    . . .     Gourm    .   c - +0 shield
rNeg     . . .     Faith    .   b - +0 scale mail
rPois    .         Spirit   +   (helmet unavailable)
rElec    .         Reflect  .   o - scarf {Spirit}
rCorr    .         Harm     .   (no gloves)
MR       .....                  q - +0 pair of boots
Stlth    ..........             (no amulet)
HPRegen  0.21/turn              A - ring of see invisible
MPRegen  0.11/turn              m - +2 ring of protection

@: no status effects
A: permanent stasis, dig shafts and tunnels, four strong arms, antennae 3
a: Dig, Shaft Self


You were on level 6 of the Dungeon.
You were not hungry.

You visited 1 branch of the dungeon, and saw 6 of its levels.
You also visited: Ossuary.

You collected 362 gold pieces.

Inventory:

Hand Weapons
 a - a +0 trident
 j - a +2 whip of electrocution
 p - a +0 scythe (weapon)
Armour
 b - a +0 scale mail (worn)
 c - a +0 shield (worn)
 o - a scarf of spirit shield (worn)
 q - a +0 pair of boots (worn)
 v - a +0 cloak
Magical Staves
 s - an uncursed staff of death
 t - an uncursed staff of earth
Jewellery
 m - a +2 ring of protection (right hand)
 y - an uncursed ring of ice
 A - a ring of see invisible (left hand)
Wands
 h - a wand of disintegration (18)
 i - a wand of clouds (6)
 z - a wand of random effects (17)
Scrolls
 k - a scroll of fear
 u - 2 scrolls of remove curse
 B - a scroll of silence {unknown}
Potions
 d - 3 potions of might
 e - a potion of agility
 g - a potion of resistance
 l - 3 potions of magic
 n - 2 potions of curing
 r - a potion of lignification
 w - 2 potions of cancellation
 x - 2 potions of invisibility {unknown}
 C - a potion of heal wounds {unknown}
Comestibles
 f - 10 rations
 D - 3 chunks of flesh


   Skills:
 - Level 5.0 Fighting
 * Level 9.8 Polearms
 - Level 5.0 Armour
 - Level 5.0 Shields


You had 8 spell levels left.
You didn't know any spells.
Your spell library was empty.

Dungeon Overview and Level Annotations

Branches:
Dungeon (6/15)             Temple (0/1) D:6         Ossuary (visited)

Altars:
Elyvilon
Fedhas
Gozag
Trog
Wu Jian

Shops:
D:4 *

Annotations:
D:6 Pikel


Innate Abilities, Weirdness & Mutations

You cannot be hasted, slowed, berserked, paralysed or teleported.
You can dig through walls and to a lower floor.
Your four strong arms can wield two-handed weapons with a shield.
You have a pair of large antennae on your head. (SInv)


Message History

The burst of metal fragments hits you but does no damage. x2
The burst of metal fragments misses you.
You slash Pikel!
Pikel is severely wounded.
You block Pikel's attack.
Pikel zaps a wand.
The burst of metal fragments hits you but does no damage.
You block the burst of metal fragments.
The burst of metal fragments misses you. x3
The burst of metal fragments hits you but does no damage. x4
You hit Pikel but do no damage.
Pikel is severely wounded.
The orc wizard gestures wildly while chanting.
The orc wizard seems to speed up.
Pikel hits you with a +1 whip of electrocution.
You are electrocuted!!
* * * LOW HITPOINT WARNING * * *
You barely miss Pikel.
Pikel is severely wounded.
Pikel hits you but does no damage. x2; You are electrocuted!
You die...

*,,,,,,,,* #.# *,,,,,,,,*,,,,,
*,,,,,,,,* #.# *,,,,,,,,*,,,,,
*,,,,,,,,* #.# *,,,,,,,,*,,,,,
*,,,,,,,,* #)# *,,,,,.,,*,,,,,
*,,,,,,,,* #.# *,,,,..,,*,,*+*
*,,,,,,,,* #)# *,,,.r.,,*,,*,*
*,,,,,,,.######.##*,,$O..,,*,,*,*
*,,,,,,,.........#*,.....,,*,,*,*
*,,,,,,,......#.@##{.....,,*,,*,*
*****,,,......#..Koo.....,,,,,*,*
*,,,.....,##.###o....,***,*,*
*,,,.....,*#.# *,,...,+,,,*,*
***,,,....,,*#.# *,,,,.,***,*,*
*,,,,,..##***#+#*******,*****,*
*,,,,,,,,,,,,,,,,,,,,,,,,,,,,,*
*,***************,,,,,,,,,,,,**
*,,,,,,,,,,,,,,,****,,,,,,,,,**


You could see Pikel, an orc wizard and 2 orcs.

Vanquished Creatures
  Sigmund (D:3)
  Duvessa (D:5)
  A sky beast (D:6)
  3 slaves (D:6)
  An ogre (D:6)
  A bullfrog (D:6)
  3 elf zombies (Ossuary)
  A scorpion (D:4)
  Dowan (D:5)
  A howler monkey (D:4)
  A crimson imp (D:5)
  A centaur zombie (D:5)
  2 human zombies (Ossuary)
  2 jellies (D:6)
  3 orc priests (D:4)
  A hound (D:5)
  2 orc wizards
  A bullfrog skeleton (D:5)
  5 worker ants
  2 mummies (Ossuary)
  A worker ant zombie (D:5)
  2 gnolls (D:1)
  6 adders
  A shadow imp (D:3)
  4 oozes
  An adder skeleton (D:4)
  4 worms
  3 dart slugs
  5 leopard geckos
  17 orcs
  3 ball pythons
  5 bats
  9 giant cockroaches
  12 hobgoblins
  10 jackals
  5 kobolds
  10 quokkas
  6 frilled lizards
  10 goblins
  12 hobgoblin zombies (Ossuary)
  2 jackal zombies (Ossuary)
  12 kobold zombies (Ossuary)
  A leopard gecko zombie (D:6)
  4 orc zombies (Ossuary)
  11 rats
  2 rat zombies (Ossuary)
192 creatures vanquished.

Notes
Turn   | Place    | Note
-------+----------+-------------------------------------------
     0 | D:1      | Gildeon the Formicid Fighter began the quest for the Orb.
     0 | D:1      | Reached XP level 1. HP: 18/18 MP: 1/1
   118 | D:1      | Reached skill level 3 in Polearms
   118 | D:1      | Reached XP level 2. HP: 17/24 MP: 2/2
   309 | D:1      | Reached XP level 3. HP: 29/29 MP: 3/3
   699 | D:1      | Reached skill level 4 in Polearms
   699 | D:1      | Reached XP level 4. HP: 34/35 MP: 4/4
  1470 | D:2      | Reached XP level 5. HP: 33/41 MP: 5/5
  1715 | D:2      | Reached skill level 5 in Polearms
  2419 | D:3      | Reached XP level 6. HP: 39/47 MP: 6/6
  2703 | D:3      | Found a faded altar of an unknown god.
  2823 | D:3      | Noticed Sigmund
  2836 | D:3      | Killed Sigmund
  2836 | D:3      | Reached skill level 6 in Polearms
  2836 | D:3      | Reached XP level 7. HP: 26/53 MP: 7/7
  4097 | D:4      | Found an ornate altar of the Wu Jian Council.
  4147 | D:4      | Found Mewaduc's Assorted Antiques.
  4578 | D:5      | Entered Level 5 of the Dungeon
  4592 | D:5      | Reached XP level 8. HP: 57/61 MP: 8/8
  4602 | D:5      | Reached skill level 7 in Polearms
  4632 | D:5      | Found a white marble altar of Elyvilon.
  4679 | D:5      | Reached skill level 5 in Shields
  4967 | D:5      | Noticed Dowan
  4967 | D:5      | Noticed Duvessa
  4974 | D:5      | Killed Dowan
  4988 | D:5      | Killed Duvessa
  4988 | D:5      | Reached skill level 5 in Fighting
  5217 | D:5      | Reached skill level 5 in Armour
  5339 | D:5      | Found a bloodstained altar of Trog.
  5445 | D:5      | Found a blossoming altar of Fedhas.
  5497 | D:6      | Found a sand-covered staircase.
  5509 | Ossuary  | Entered an ossuary
  5656 | Ossuary  | Reached skill level 8 in Polearms
  5800 | Ossuary  | Reached XP level 9. HP: 44/68 MP: 9/9
  5862 | D:6      | Reached skill level 9 in Polearms
  5880 | D:6      | Found an opulent altar of Gozag.
  6115 | D:6      | Noticed Pikel
  6128 | D:6      | Slain by Pikel

Levels and vault maps discovered:
D:1:      dpeg_arrival_round_b, layout_loops_cross, minmay_hexomino_c4
D:2:      layout_basic, serial_bayou_pond_e
D:3:      layout_basic, chequers_ecumenical_altar_simple, uniq_sigmund
D:4:      layout_loops_ring, marbit_many_paths, serial_shops,
          nicolae_shop_overgrown_old_shop
D:5:      layout_loops_ring, kennysheep_mini, elyvilon_altar_1, first_ration,
          trog_butcher_becter, uniq_duvessa
D:6:      layout_basic, nicolae_gozag_seed_capital, lemuel_crystal_altar,
          temple_hall, lightli_ossuary_entry_decrepit_ruins, uniq_pikel

Skill      XL: |  1  2  3  4  5  6  7  8  9 |
---------------+----------------------------+-----
Polearms       | 3 4 5 6 8 9 |  9.8
Shields        | 4 5 |  5.0
Fighting       | 4 5 |  5.0
Armour         | 4 5 |  5.0

Action                   |  1- 3 |  4- 6 |  7- 9 || total
-------------------------+-------+-------+-------++-------
Melee: Trident           |    81 |   238 |       ||   319
       Whip              |     4 |    22 |       ||    26
       Scythe            |       |       |   402 ||   402
  Use: Scroll            |       |     9 |     8 ||    17
  Eat: Chunk             |       |     7 |     9 ||    16
       Ration            |       |       |     1 ||     1
Armor: Scale mail        |    23 |    86 |   226 ||   335
Dodge: Dodged            |    22 |    70 |   146 ||   238
Block: Shield            |    40 |   128 |   252 ||   420
